 Dungeon Crawl Stone Soup version 0.19.0-24-gb05acd6 (webtiles) character file.

80 patrickswayze the Sneak (level 4, 0/40 HPs)
             Began as a Deep Elf Chaos Knight on Nov 20, 2016.
             Succumbed to an adder's poison
             ... on level 2 of the Dungeon.
             The game lasted 00:01:54 (1467 turns).

patrickswayze the Sneak (Deep Elf Chaos Knight)     Turns: 1467, Time: 00:01:55

Health: 0/40       AC: 22    Str:  6 (9)  XL:     4   Next: 18%
Magic:  6/6        EV:  2    Int: 15 (17) God:    Xom [....*.]
Gold:   64         SH:  0    Dex: 19 (20) Spells: 0 memorised, 3 levels left

rFire  . . .     SeeInvis .     a - +0 short sword (chaos)
rCold  . . .     Gourm    .     (armour currently unavailable)
rNeg   + + +     Faith    .     (no shield)
rPois  +         Spirit   .     (helmet currently unavailable)
rElec  .         Reflect  .     (cloak currently unavailable)
rCorr  .         Harm     .     (gloves currently unavailable)
MR     .....     NoTele   +     (boots currently unavailable)
Stlth  ++++......               (no amulet)
                                (no ring)
                                (no ring)

@: agile, lethally poisoned (0 -> -9), tree-form
A: no striking features
a: Renounce Religion


You were on level 2 of the Dungeon.
You worshipped Xom.
You were a beloved toy of Xom.
You were not hungry.
You were a tree.
You visited 1 branch of the dungeon, and saw 2 of its levels.

You collected 64 gold pieces.


   Skills:
 - Level 2.4 Fighting
 - Level 3.0 Short Blades
 - Level 0.7 Armour
 - Level 2.4 Dodging
 + Level 5.1 Stealth


You had 3 spell levels left.
You didn't know any spells.

Inventory:

Hand Weapons
 a - a +0 short sword of chaos (weapon)
Missiles
 h - 21 stones (quivered)
Armour
 b - a +2 leather armour (melded)
Jewellery
 j - an uncursed ring of fire {unknown}
Scrolls
 g - a scroll of fear {unknown}
 i - a scroll of fog {unknown}
 k - a scroll of teleportation {unknown}
 m - a scroll of immolation {unknown}
Potions
 e - a potion of degeneration
Comestibles
 c - a bread ration
 l - a beef jerky
 o - 9 chunks of flesh


Message History

You feel sick.
The adder bites you but does no damage. x2
The kobold hits you but does no damage.
You barely miss the adder.
The adder is moderately wounded.
* * * LOW HITPOINT WARNING * * *
You feel sick. The adder bites you but does no damage.
The kobold hits you but does no damage. The adder bites you but does no damage.
You closely miss the adder.
The adder is moderately wounded.
* * * LOW HITPOINT WARNING * * *
You feel sick. The adder bites you but does no damage.
The kobold hits you but does no damage. The adder bites you but does no damage.
You hit the adder.
The adder is heavily wounded.
The adder bites you but does no damage. The kobold hits you but does no damage.
The adder bites you but does no damage.
You completely miss the adder.
The adder is heavily wounded.
You die...
Xom snickers!

#.#.........# #.#.........#
..... #.#.........+ ......
##+#######.#.........##......
. ........##.#...............#
. ........+....#######.......#
.
........##.#.#####.........##
.
........##.......K..........#
........'......[7S..........#
........##########....#.....#.
.####.........# #..?.........
...%..........########........
#####.###.###...# #.......$
.......#........# #.......#
####%..#..####..# #.......#
.......######}.}######.......#
##...#........_...............


You could see an adder and a kobold.

Vanquished Creatures
  Jessica (D:2)
  2 adders (D:2)
  A worm (D:2)
  2 dart slugs
  A leopard gecko (D:1)
  3 goblins (D:1)
  3 hobgoblins (D:1)
  4 kobolds (D:1)
  A quokka (D:2)
  A ball python (D:2)
  6 bats
  3 frilled lizards
  2 rats (D:1)
30 creatures vanquished.

Notes
Turn   | Place    | Note
-------+----------+-------------------------------------------
     0 | D:1      | patrickswayze the Deep Elf Chaos Knight began the quest for the Orb.
     0 | D:1      | Reached XP level 1. HP: 13/13 MP: 3/3
    26 | D:1      | XOM: potion effect (agility)
    31 | D:1      | Reached skill level 1 in Stealth
    86 | D:1      | XOM: noise
   174 | D:1      | XOM: stat loss: -1 Dex (13/14)
   192 | D:1      | Reached skill level 2 in Stealth
   283 | D:1      | Reached XP level 2. HP: 17/18 MP: 4/4
   389 | D:1      | XOM: give mutation
   389 | D:1      | Gained mutation: You are frail. (-10% HP) [Xom's mischief]
   598 | D:1      | Reached skill level 3 in Stealth
   839 | D:2      | Reached XP level 3. HP: 19/19 MP: 5/5
   914 | D:2      | Reached skill level 4 in Stealth
  1167 | D:2      | XOM: god gift: beef jerky
  1217 | D:2      | XOM: divination: detect creatures
  1284 | D:2      | Found a sparkling altar of Nemelex Xobeh.
  1418 | D:2      | Noticed Jessica
  1421 | D:2      | XOM: fog
  1440 | D:2      | Killed Jessica
  1440 | D:2      | Reached skill level 5 in Stealth
  1440 | D:2      | Reached XP level 4. HP: 21/24 MP: 6/6
  1455 | D:2      | Noticed Natasha
  1461 | D:2      | HP: 4/24 [poisoned by an adder]
  1462 | D:2      | Lost mutation: You are frail. (-10% HP) [potion of cure mutation]
  1465 | D:2      | HP: 1/40 [poisoned by an adder]
  1467 | D:2      | Succumbed to an adder's poison

Vault maps used:
D:1:      dpeg_arrival_short_road
D:2:      nemelex_xobeh_ov_fountains_minmay, first_bread,
          hangedman_decor_diamond_cutter, uniq_jessica, uniq_natasha, uniq_iyjb

Action                   |  1- 3 |  4- 6 || total
-------------------------+-------+-------++-------
Melee: Short sword       |   112 |    11 ||   123
  Use: Potion            |       |     4 ||     4
 Stab: Sleeping          |     6 |       ||     6
  Eat: Chunk             |     2 |       ||     2
Armor: Leather armour    |    42 |     6 ||    48
       Skin              |       |    12 ||    12
Dodge: Dodged            |    82 |    13 ||    95
